 Dungeon Crawl Stone Soup version 0.23.2-40-g277498a001 (webtiles) character file.

Game seed: 12686007172706369703

204 Martska the Ducker (level 5, -7/38 HPs)
             Began as a Merfolk Ice Elementalist on Sept 30, 2019.
             Mangled by an ogre
             ... wielding a +0 giant club
              (21 damage)
             ... on level 2 of the Dungeon.
             The game lasted 00:37:03 (6579 turns).

Martska the Ducker (Merfolk Ice Elementalist)       Turns: 6579, Time: 00:37:04

Health: -7/38      AC:  4    Str:  9    XL:     5   Next: 82%
Magic:  1/8        EV: 13    Int: 14    God:
Gold:   135        SH:  0    Dex: 15    Spells: 2/8 levels left

rFire    . . .     SeeInvis .   i - +0 spear
rCold    . . .     Gourm    .   (no shield)
rNeg     . . .     Faith    .   d - +0 leather armour
rPois    .         Spirit   .   (no helmet)
rElec    .         Reflect  .   (no cloak)
rCorr    .         Harm     .   g - +0 pair of gloves
MR       .....                  (no boots)
Stlth    ++........             (no amulet)
HPRegen  0.12/turn              (no ring)
MPRegen  0.11/turn              (no ring)

@: very slightly contaminated
A: change form in water, swift swim, stealthy swim
a: no special abilities


You were on level 2 of the Dungeon.
You were full.

You visited 1 branch of the dungeon, and saw 4 of its levels.

You collected 135 gold pieces.

Inventory:

Hand Weapons
 f - a +0 whip
 i - a +0 spear (weapon)
 m - a +0 hunting sling
 s - a +0 quarterstaff
 w - a +0 dagger
Armour
 a - a +0 robe
 d - a +0 leather armour (worn)
 g - a +0 pair of gloves (worn)
Jewellery
 u - a +4 ring of strength {unknown}
Wands
 A - a wand of random effects (24)
Scrolls
 h - 2 scrolls of teleportation {unknown}
 k - 2 scrolls of magic mapping {unknown}
 o - 4 scrolls of remove curse {unknown}
 v - 4 scrolls of identify {unknown}
 x - a scroll of enchant armour {unknown}
 y - a scroll of noise {unknown}
Potions
 b - 4 potions of might {unknown}
 c - 2 potions of cancellation {unknown}
 e - 3 potions of lignification {unknown}
 j - 5 potions of degeneration {unknown}
 l - 3 potions of curing {unknown}
 n - 2 potions of heal wounds {unknown}
 p - a potion of agility {unknown}
 q - a potion of ambrosia {unknown}
 t - 2 potions of brilliance {unknown}
 z - a potion of berserk rage {unknown}
Comestibles
 r - a ration


   Skills:
 * Level 2.2 Fighting
 * Level 3.0 Polearms
 * Level 4.2 Dodging
 + Level 2.8 Stealth
 + Level 2.3 Spellcasting
 - Level 0.7 Conjurations
 * Level 1.7 Charms
 + Level 4.0 Ice Magic


You had 2 spell levels left.
You knew the following spells:

 Your Spells              Type           Power        Failure   Level  Hunger
a - Freeze                Ice            ##..         6%          1    #......
b - Ozocubu's Armour      Chrm/Ice       #.......     30%         3    ###....
c - Throw Frost           Conj/Ice       #.....       19%         2    ###....

Your spell library contained the following spells:

 Spells                   Type           Power        Failure   Level  Hunger
 Confusing Touch          Hex            #.....       32%         1    #......
 Confuse                  Hex            #.......     67%         3    ###....
 Gell's Gravitas          Tloc           #.........   67%         3    ###....
 Throw Icicle             Conj/Ice       #.......     77%         4    #####..
 Summon Ice Beast         Ice/Summ       #.......     80%         4    #####..
 Petrify                  Tmut/Erth      #.......     97%         4    #####..
 Metabolic Englaciation   Hex/Ice        #.........   98%         5    ######.
 Yara's Violent Unravell  Hex/Tmut       #.........   100%        5    ######.


Dungeon Overview and Level Annotations

Branches:
Dungeon (4/15)
 Temple: D:4-7

Altars:
Zin


Message History

You freeze the ogre.
The ogre is moderately wounded.
The ogre barely misses you.
Casting: Freeze (safe; 6% risk of failure)
Confirm with . or Enter, or press ? or * to list all spells.
Aiming: Freeze (safe; 6% risk of failure)
Press: ? - help, Shift-Dir - straight line, f/p - ogre
Aim: an ogre, wielding a +0 giant club (moderately wounded)
You freeze the ogre.
The ogre is moderately wounded.
Casting: Freeze (safe; 6% risk of failure)
Confirm with . or Enter, or press ? or * to list all spells.
Aiming: Freeze (safe; 6% risk of failure)
Press: ? - help, Shift-Dir - straight line, f/p - ogre
Aim: an ogre, wielding a +0 giant club (moderately wounded)
You freeze the ogre.
The ogre is moderately wounded.
The ogre hits you with a +0 giant club!!
Ouch! That really hurt!
You die...

###### #.###....# #####
#....######'##.....# #...#
#....'(........#...#
##...#####....####......#...#
.........'....'.>#.....###.##
......####....##.###'### #..#
##....######'###......# ##.##
#####.#...##.# #.##...# #..#
###...'...'..# #@##...# ##.#
......#...#### #O##...# #.#
#...#.....######.###.## #.#
.#.###........##.# #.# #.#
#.##.########.##.# #.# #.#
.##.#.## #.##.# #.# #.#
##.#.#.## #.##.# #.# #.#
#.#.#.#.## #ยง.#.# #.# #.#
.#.###.#.## ##.#.# #.# #.#


You could see an ogre.

Vanquished Creatures
  Ijyb (D:3)
  An orc wizard (D:4)
  4 adders
  A worm (D:3)
  4 dart slugs
  2 leopard geckos
  11 orcs
  4 giant cockroaches
  4 goblins
  7 hobgoblins
  13 jackals
  9 kobolds
  3 quokkas
  A ball python (D:2)
  8 bats
  4 frilled lizards (D:2)
  8 rats
85 creatures vanquished.

Notes
Turn   | Place    | Note
-------+----------+-------------------------------------------
     0 | D:1      | Martska the Merfolk Ice Elementalist began the quest for
                  | the Orb.
     0 | D:1      | Reached XP level 1. HP: 13/13 MP: 3/3
    85 | D:1      | Reached XP level 2. HP: 19/20 MP: 0/5
   764 | D:1      | Reached skill level 1 in Fighting
   776 | D:1      | Reached XP level 3. HP: 19/26 MP: 1/6
   948 | D:1      | Learned a level 3 spell: Ozocubu's Armour
   951 | D:1      | Learned a level 2 spell: Throw Frost
  1365 | D:2      | Reached skill level 1 in Polearms
  2112 | D:2      | Reached XP level 4. HP: 32/32 MP: 7/7
  3450 | D:3      | Found a glowing silver altar of Zin.
  3490 | D:3      | Reached skill level 1 in Charms
  4149 | D:3      | Reached XP level 5. HP: 38/38 MP: 4/8
  4366 | D:3      | Noticed Ijyb
  4437 | D:3      | Killed Ijyb
  5753 | D:4      | Noticed a phantom
  6427 | D:4      | Noticed an ogre
  6579 | D:2      | Mangled by an ogre

Skill      XL: |  1  2  3  4  5 |
---------------+----------------+-----
Dodging        | 3 4 |  4.2
Fighting       | 1 2 |  2.2
Polearms       | 1 2 3 |  3.0
Charms         | 1 |  1.7
Ice Magic      | 4 |  4.0
Stealth        | |  2.8
Spellcasting   | |  2.3
Conjurations   | |  0.7

Action                   |  1- 3 |  4- 6 || total
-------------------------+-------+-------++-------
Melee: Unarmed           |    11 |       ||    11
       Spear             |   110 |   260 ||   370
       Whip              |    10 |       ||    10
 Cast: Freeze            |    25 |    39 ||    64
       Ozocubu's Armour  |       |     7 ||     7
       Throw Frost       |       |     4 ||     4
 Stab: Sleeping          |     5 |     1 ||     6
  Eat: Ration            |     3 |     4 ||     7
       Chunk             |       |     1 ||     1
Armor: Robe              |     4 |       ||     4
       Leather armour    |    46 |    80 ||   126
Dodge: Dodged            |   134 |   233 ||   367
